 Dungeon Crawl Stone Soup version 0.22.0-34-g4f65f92 (webtiles) character file.

4345 maximusg the Cleaver (level 10, -11/86 HPs)
             Began as a Minotaur Berserker on Aug 23, 2018.
             Was a High Priest of Trog.
             Killed from afar by a red draconian (16 damage)
             ... with a searing blast
             ... on level 1 of the Abyss.
             The game lasted 00:16:29 (7733 turns).

maximusg the Cleaver (Minotaur Berserker)           Turns: 7733, Time: 00:16:31

Health: -11/86     AC: 17    Str: 25    XL:     10   Next: 12%
Magic:  9/9        EV:  9    Int:  4    God:    Trog [*****.]
Gold:   439        SH:  0    Dex: 10    Spells: 9/9 levels left

rFire    . . .     SeeInvis .   a - +0 hand axe
rCold    + . .     Gourm    +   (no shield)
rNeg     . . .     Faith    .   x - +2 plate armour {rC+}
rPois    +         Spirit   .   (helmet restricted)
rElec    .         Reflect  .   (no cloak)
rCorr    .         Harm     .   d - +0 pair of gloves
MR       .....     Rnd*Tele +   r - +0 pair of boots
Stlth    ..........             q - amulet of the gourmand
HPRegen  0.24/turn              o - ring of poison resistance
MPRegen  0.11/turn              E - ring of teleportation (curse)

@: berserk cooldown, slowed, very slow
A: retaliatory headbutt, horns 2
a: Berserk, Trog's Hand, Brothers in Arms, Renounce Religion


You were on level 1 of the Abyss.
You worshipped Trog.
Trog was extremely pleased with you.
You were very full.

You visited 1 branch of the dungeon, and saw 8 of its levels.
You visited the Abyss 1 time.

You collected 439 gold pieces.

Inventory:

Hand Weapons
 a - a +0 hand axe (weapon)
Missiles
 m - 4 tomahawks (quivered)
Armour
 d - a +0 pair of gloves (worn)
 r - a +0 pair of boots (worn)
 x - a +2 plate armour of cold resistance (worn)
Jewellery
 o - a ring of poison resistance (left hand)
 q - an amulet of the gourmand (around neck)
 w - an uncursed ring of ice
 E - a cursed ring of teleportation (right hand)
Wands
 b - a wand of enslavement (9)
 l - a wand of polymorph (9)
 t - a wand of acid (5)
 A - a wand of digging (8)
Scrolls
 e - 3 scrolls of remove curse
 f - 3 scrolls of teleportation {unknown}
 h - 4 scrolls of blinking {unknown}
 n - 3 scrolls of amnesia {unknown}
 p - 3 scrolls of magic mapping
 s - 2 scrolls of enchant weapon {unknown}
 v - 2 scrolls of fear
 y - a scroll of immolation {unknown}
 B - a scroll of random uselessness {unknown}
 D - a scroll of vulnerability {unknown}
Potions
 g - a potion of lignification
 i - 7 potions of curing {unknown}
 j - 2 potions of heal wounds
 k - 5 potions of flight {unknown}
 u - a potion of degeneration {unknown}
 z - a potion of berserk rage {unknown}
Comestibles
 c - 17 rations
 C - a chunk of flesh


   Skills:
 + Level 7.0 Fighting
 - Level 14.0 Axes
 + Level 6.4 Armour
 + Level 5.8 Dodging


You had 9 spell levels left.
You didn't know any spells.
Your spell library was empty.

Dungeon Overview and Level Annotations

Branches:
Dungeon (8/15)             Temple (0/1) D:6
   Lair: D:8-11

Altars:
Dithmenos
Elyvilon
Fedhas
Gozag
Hepliaklqana
Kikubaaqudgha
Makhleb
Qazlal
Ru
Sif Muna
Uskayaw
Wu Jian
Xom
Zin

Shops:
D:5 (   D:6 }

Annotations:
D:7 5 runed doors
D:8 Psyche


Innate Abilities, Weirdness & Mutations

You reflexively headbutt those who attack you in melee.
You have a pair of horns on your head.


Message History

The red draconian hits you but does no damage.
You hit the red draconian but do no damage.
Your headbutt misses the red draconian.
The red draconian is heavily wounded.
You miss the ufetubus. The ufetubus barely misses you. The ufetubus hits you.
The red draconian hits you with a flail!!
* * * LOW HITPOINT WARNING * * *
You hit the red draconian but do no damage.
You headbutt the red draconian, but do no damage.
The red draconian is heavily wounded.
You hit the ufetubus but do no damage. The ufetubus closely misses you.
The ufetubus hits you.
* * * LOW HITPOINT WARNING * * *
You barely miss the red draconian.
The red draconian is heavily wounded.
You hit the ufetubus.
The ufetubus hits you but does no damage. x2
The red draconian breathes flames at you.
The searing blast hits you!
You die...

. # #.# ..#
..# ## #.#
##.. # #
#..##.### #.#
# .
###.#...d###.#
..
..#.@...#.## #
##.
#.5ยง.....# #
...
.....##.#### #
# ....##.# .#
# # .
.....##.# ##
.# .....
#.#...# .
#.#..#..
##.#### .
##.##... .##..
. . .##
...##..


You could see a red draconian and an ufetubus.

Vanquished Creatures
  A glowing orange brain (Abyss:1)
  Joseph (D:8)
  An orange demon (Abyss:1)
  A hornet (D:7)
  A spriggan (D:7)
  A hungry ghost (D:7)
  Menkaure (D:7)
  A black bear (D:7)
  3 orc warriors
  An ice beast (D:7)
  3 phantoms
  A necrophage (D:7)
  An ogre (D:5)
  2 centaurs
  2 bullfrogs
  4 scorpions
  A howler monkey (D:5)
  A bullfrog zombie (D:5)
  A jelly (D:8)
  2 hounds
  4 orc priests
  A centaur skeleton (D:4)
  2 iguanas
  2 bullfrog skeletons (D:6)
  6 worker ants
  Natasha (thrice) (D:4)
  12 orc wizards
  Ijyb (D:4)
  8 adders
  A shadow imp (D:5)
  3 worms
  6 dart slugs
  5 leopard geckos
  25 orcs
  2 ball pythons
  4 giant cockroaches
  2 goblins
  13 hobgoblins
  25 jackals
  9 kobolds
  2 quokkas
  11 bats
  6 frilled lizards
  A quokka skeleton (D:5)
  7 rats
191 creatures vanquished.

Vanquished Creatures (others)
  A jackal (D:4)
1 creature vanquished.

Grand Total: 192 creatures vanquished

Notes
Turn   | Place    | Note
-------+----------+-------------------------------------------
     0 | D:1      | maximusg the Minotaur Berserker began the quest for the Orb.
     0 | D:1      | Reached XP level 1. HP: 19/19 MP: 0/0
    45 | D:1      | Reached skill level 4 in Axes
   171 | D:1      | Reached XP level 2. HP: 26/26 MP: 1/1
   363 | D:1      | Reached skill level 5 in Axes
   535 | D:1      | Reached XP level 3. HP: 31/31 MP: 2/2
   645 | D:1      | Reached ** piety under Trog
  1109 | D:2      | Reached skill level 6 in Axes
  1109 | D:2      | Reached XP level 4. HP: 38/39 MP: 3/3
  1526 | D:2      | Found a hide-covered altar of Uskayaw.
  1530 | D:2      | Found a burning altar of Makhleb.
  1577 | D:2      | Found a blossoming altar of Fedhas.
  1708 | D:3      | Found a faded altar of an unknown god.
  2038 | D:3      | Reached XP level 5. HP: 45/45 MP: 4/4
  2047 | D:3      | Reached skill level 7 in Axes
  2075 | D:3      | Reached *** piety under Trog
  2196 | D:3      | Found a hazy altar of Hepliaklqana.
  2763 | D:4      | Noticed Natasha
  2782 | D:4      | Killed Natasha
  2782 | D:4      | Reached skill level 8 in Axes
  2790 | D:4      | Noticed Natasha
  2810 | D:4      | Killed Natasha
  2810 | D:4      | Reached XP level 6. HP: 28/51 MP: 5/5
  2847 | D:4      | Noticed Natasha
  2991 | D:4      | Killed Natasha
  3053 | D:4      | Reached skill level 9 in Axes
  3287 | D:4      | Reached XP level 7. HP: 57/57 MP: 6/6
  3304 | D:4      | Noticed Ijyb
  3312 | D:4      | Killed Ijyb
  3454 | D:4      | Found a shadowy altar of Dithmenos.
  3546 | D:4      | Reached skill level 10 in Axes
  3742 | D:5      | Entered Level 5 of the Dungeon
  3873 | D:5      | Reached **** piety under Trog
  4221 | D:5      | Found a shimmering altar of Xom.
  4223 | D:5      | Found a glowing silver altar of Zin.
  4223 | D:5      | Found a snail-covered altar of Cheibriados.
  4225 | D:5      | Found a shimmering altar of Xom.
  4225 | D:5      | Found a stormy altar of Qazlal.
  4225 | D:5      | Found an ornate altar of the Wu Jian Council.
  4272 | D:5      | Reached skill level 11 in Axes
  4364 | D:5      | Found Umpicuj's Weapon Emporium.
  4536 | D:5      | Reached XP level 8. HP: 64/64 MP: 7/7
  4608 | D:5      | Found an ancient bone altar of Kikubaaqudgha.
  4980 | D:6      | Found a staircase to the Ecumenical Temple.
  4983 | D:6      | Found a shimmering altar of Xom.
  5003 | D:6      | Reached skill level 12 in Axes
  5321 | D:6      | Found Lilox's Gadget Shoppe.
  5321 | D:6      | Found a deep blue altar of Sif Muna.
  5471 | D:6      | Found an opulent altar of Gozag.
  5534 | D:6      | Reached skill level 13 in Axes
  5818 | D:7      | Found a runed door.
  5819 | D:7      | Found a runed gate.
  5826 | D:7      | Found the +9 staff of Olgreb {rPois}
  5833 | D:7      | Found a runed door.
  5854 | D:7      | Found a runed gate.
  5866 | D:7      | Found a runed gate.
  5981 | D:7      | Found a stormy altar of Qazlal.
  6022 | D:7      | Found a sacrificial altar of Ru.
  6045 | D:7      | Reached XP level 9. HP: 63/70 MP: 8/8
  6082 | D:7      | Reached skill level 14 in Axes
  6592 | D:7      | Noticed Menkaure
  6601 | D:7      | Killed Menkaure
  7117 | D:8      | Found a white marble altar of Elyvilon.
  7141 | D:8      | Noticed Joseph
  7165 | D:8      | Killed Joseph
  7165 | D:8      | Reached skill level 5 in Fighting
  7240 | D:8      | Reached skill level 5 in Armour
  7290 | D:8      | Reached ***** piety under Trog
  7569 | D:8      | Reached skill level 5 in Dodging
  7602 | D:8      | Noticed Psyche
  7609 | D:8      | Cast into level 1 of the Abyss (Psyche)
  7638 | Abyss:1  | Noticed a glowing orange brain
  7640 | Abyss:1  | Found a corrupted altar of Lugonu.
  7657 | Abyss:1  | Killed a glowing orange brain
  7657 | Abyss:1  | Reached XP level 10. HP: 84/84 MP: 9/9
  7697 | Abyss:1  | Noticed an orange demon
  7708 | Abyss:1  | Noticed a red draconian
  7713 | Abyss:1  | Killed an orange demon
  7733 | Abyss:1  | Killed from afar by a red draconian

Skill      XL: |  1  2  3  4  5  6  7  8  9 10 |
---------------+-------------------------------+-----
Axes           | 4 5 6 8 9 11 13 14 | 14.0
Fighting       | 6 7 |  7.0
Armour         | 6 |  6.4
Dodging        | 5 |  5.8

Action                   |  1- 3 |  4- 6 |  7- 9 | 10-12 || total
-------------------------+-------+-------+-------+-------++-------
Melee: Hand axe          |    74 |   244 |   387 |    22 ||   727
       Headbutt          |     7 |    30 |    71 |     4 ||   112
Throw: Tomahawk          |       |     6 |     8 |       ||    14
Invok: Berserk           |       |       |     4 |     1 ||     5
       Brothers in Arms  |       |       |     1 |       ||     1
  Use: Scroll            |       |     5 |     3 |       ||     8
 Stab: Invisible         |       |       |     1 |       ||     1
       Paralysed         |       |       |     1 |       ||     1
  Eat: Chunk             |       |     8 |    41 |       ||    49
Armor: Animal skin       |    15 |       |       |       ||    15
       Scale mail        |     5 |       |       |       ||     5
       Plate armour      |       |   144 |   169 |     5 ||   318
Dodge: Dodged            |    61 |    58 |    92 |     7 ||   218
